 Dungeon Crawl Stone Soup version 0.28.0-47-ge53b351184 (webtiles) character file.

Game seed: 12887702547212310583

751 Peloso the Covered (level 7, 0/61 HPs)
             Began as a Minotaur Fighter on Apr 26, 2022.
             Was an Initiate of Okawaru.
             Slain by a hound (4 damage)
             ... on level 5 of the Dungeon.
             The game lasted 00:06:24 (4131 turns).

Peloso the Covered (Minotaur Fighter)               Turns: 4131, Time: 00:06:24

Health: 0/61       AC: 11    Str: 21    XL:     7   Next: 49%
Magic:  6/6        EV:  7    Int:  5    God:    Okawaru [......]
Gold:   161        SH:  9    Dex: 11    Spells: 6/6 levels left

rFire   . . .      SeeInvis .   a - +0 long sword
rCold   . . .      Faith    .   e - +0 kite shield
rNeg    . . .      Spirit   .   i - +0 chain mail
rPois   +          Reflect  .   (helmet restricted)
rElec   .          Harm     .   m - +0 cloak
rCorr   .          Rampage  .   (no gloves)
Will    .....                   (no boots)
Stlth   ..........              (no amulet)
HPRegen 0.20/turn               g - ring of flight
MPRegen 0.10/turn               h - ring of poison resistance

@: flying
A: horns 2, retaliatory headbutt
a: Renounce Religion


You were on level 5 of the Dungeon.
You worshipped Okawaru.
Okawaru was noncommittal.
You visited 2 branches of the dungeon, and saw 6 of its levels.

You collected 161 gold pieces.

Inventory:

Hand Weapons
 a - a +0 long sword (weapon)
Armour
 b - a +1 scale mail
 c - a +0 buckler
 e - a +0 kite shield (worn)
 i - a +0 chain mail (worn)
 m - a +0 cloak (worn)
Jewellery
 g - a ring of flight (left hand)
 h - a ring of poison resistance (right hand)
 j - an amulet of faith
 q - an amulet of reflection
Wands
 l - a wand of paralysis (1)
Scrolls
 k - a scroll of teleportation
 p - a scroll of noise
 r - a scroll of brand weapon {unknown}
Potions
 d - a potion of might
 f - a potion of mutation
 n - a potion of curing
 o - a potion of ambrosia {unknown}
 s - a potion of attraction {unknown}


   Skills:
 + Level 5.1 Fighting
 + Level 6.3 Long Blades
 + Level 6.5 Armour
 + Level 2.2 Dodging
 + Level 0.6 Stealth
 + Level 5.0 Shields


You had 6 spell levels left.
You didn't know any spells.
Your spell library contained the following spells:

 Spells                   Type           Power      Damage    Failure   Level
 Passage of Golubria      Tloc           0%         N/A       100%        4
 Yara's Violent Unravell  Hex/Tmut       0%         3d3       100%        5
 Tukima's Dance           Hex            Unusable   N/A       N/A         3

Dungeon Overview and Level Annotations

Branches:
Dungeon (5/15)             Temple (1/1) D:5

Altars:
Cheibriados
Fedhas
Kikubaaqudgha
Makhleb
Nemelex Xobeh
Okawaru
Qazlal
Trog
Vehumet
Yredelemnul
Zin

Shops:
D:1 !   D:2 [


Innate Abilities, Weirdness & Mutations

You have a pair of horns on your head.
You reflexively headbutt those who attack you in melee.


Message History

You hit the bullfrog.
The bullfrog is almost dead.
The bullfrog hits you but does no damage.
You block the bullfrog's attack.
You slash the bullfrog!
You kill the bullfrog!
Okawaru accepts your kill.
Your Long Blades skill increases to level 6!
You hit the ogre.
You headbutt the ogre, but do no damage.
The ogre is moderately wounded.
An adder skeleton comes into view.
The ogre barely misses you.
You slash the ogre! You headbutt the ogre.
The ogre is severely wounded.
The ogre hits you but does no damage.
An orc comes into view. It is wielding a +0 mace.
The orc shouts!
You hit the ogre.
The ogre is almost dead.
The ogre hits you with a +0 giant club!
You barely miss the ogre.
You headbutt the ogre, but do no damage.
The ogre is almost dead.
The ogre hits you with a +0 giant club!!
You barely miss the ogre. Your headbutt misses the ogre.
The ogre is almost dead.
The ogre hits you with a +0 giant club!
* * * LOW HITPOINT WARNING * * *
You slash the ogre!
You kill the ogre!
Okawaru accepts your kill. The hound bites you.
* * * LOW HITPOINT WARNING * * *
Your Shields skill increases to level 5!
You barely miss the hound. You block the hound's attack.
A scorpion zombie comes into view.
You block the hound's attack. The hound bites you.
You die...

..###..#.........##
#..............(###
.#.....#.......#...# #
..............##.###
.##. .....#.#........#
........###.#........#
Z.....###...##......##
#.Zo.....#.......##
#...##h@>..##.......#
###..#........#.....#
..!...##...###.....###
.##... #.### ......#
#... #.#).......##
...## .............
... ..#...##......# ..
........#.......
..##..#


You could see a hound, an orc and an adder skeleton.

Vanquished Creatures
  2 ogres
  A black bear (D:4)
  2 bullfrogs (D:5)
  A water moccasin zombie (D:5)
  A water moccasin skeleton (D:4)
  A hound (D:5)
  Ijyb (D:5)
  2 iguanas (D:5)
  An orc wizard (D:4)
  2 adders
  3 gnolls (D:3)
  An ufetubus (D:3)
  An adder skeleton (D:4)
  2 worms (D:2)
  2 dart slugs
  5 orcs
  8 endoplasms
  2 giant cockroaches
  7 goblins
  2 hobgoblins
  7 jackals
  4 kobolds
  2 quokkas
  5 ball pythons
  7 bats
  A frilled lizard (D:1)
  4 rats
77 creatures vanquished.

Notes
Turn   | Place    | Note
-------+----------+-------------------------------------------
     0 | D:1      | Peloso the Minotaur Fighter began the quest for the Orb.
     0 | D:1      | Reached XP level 1. HP: 19/19 MP: 0/0
    54 | D:1      | Found Bycebinn's Distillery.
   232 | D:1      | Reached XP level 2. HP: 27/27 MP: 1/1
   630 | D:1      | Found a faded altar of an unknown god.
   751 | D:2      | Found Dehusisu's Antique Armour Boutique.
   949 | D:2      | Reached XP level 3. HP: 13/33 MP: 2/2
  1704 | D:3      | Reached XP level 4. HP: 40/40 MP: 3/3
  1716 | D:3      | Reached skill level 1 in Dodging
  1996 | D:3      | Found a sparkling altar of Nemelex Xobeh.
  2224 | D:4      | Noticed an ogre
  2380 | D:4      | Reached XP level 5. HP: 35/46 MP: 4/4
  2511 | D:4      | Noticed a black bear
  2525 | D:4      | Killed a black bear
  2526 | D:4      | Reached skill level 5 in Long Blades
  2526 | D:4      | Reached skill level 5 in Armour
  2530 | D:4      | Reached XP level 6. HP: 21/53 MP: 5/5
  2736 | D:4      | Found a blossoming altar of Fedhas.
  2736 | D:4      | Found a basalt altar of Yredelemnul.
  2745 | D:4      | Found a glowing silver altar of Zin.
  3240 | D:4      | Found a bloodstained altar of Trog.
  3247 | D:4      | Found a stormy altar of Qazlal.
  3355 | D:5      | Entered Level 5 of the Dungeon
  3361 | D:5      | Noticed Ijyb
  3368 | D:5      | Paralysed by Ijyb for 2 turns
  3806 | D:5      | Paralysed by Ijyb for 6 turns
  3814 | D:5      | Paralysed by Ijyb for 4 turns
  3826 | D:5      | Killed Ijyb
  3900 | D:5      | Reached XP level 7. HP: 50/60 MP: 6/6
  3972 | D:5      | Found a staircase to the Ecumenical Temple.
  3992 | D:5      | Reached skill level 5 in Fighting
  3996 | Temple   | Entered the Ecumenical Temple
  4002 | Temple   | Became a worshipper of Warmaster Okawaru
  4129 | D:5      | Reached skill level 5 in Shields
  4131 | D:5      | Slain by a hound

Illustrated notes

Levels and vault maps discovered:
D:1:      dpeg_arrival_pits, layout_basic, shapermc_ecumenical_altar_acropolis,
          serial_shops, shop
D:2:      layout_basic, serial_shops, shop_statue
D:3:      layout_rooms, mainiacjoe_overflow_surrounded_room
D:4:      layout_loops_ring, chequers_temple_overflow_minitemple
D:5:      layout_cave_pools, minmay_temple_entry_slanted, minivault_26,
          lightli_church_of_beogh, uniq_ijyb
Temple:   eino_temple_rhombus

Skill      XL: |  1  2  3  4  5  6  7 |
---------------+----------------------+-----
Armour         | 4 5 6 |  6.5
Fighting       | 4 5 |  5.1
Shields        | 4 5 |  5.0
Long Blades    | 3 4 5 6 |  6.3
Dodging        | 1 2 |  2.2
Stealth        | |  0.6

Action                   |  1- 3 |  4- 6 |  7- 9 || total
-------------------------+-------+-------+-------++-------
Melee: Long sword        |    69 |   120 |    39 ||   228
       Headbutt          |     6 |    13 |    10 ||    29
  Use: Scroll            |       |     7 |       ||     7
Armor: Scale mail        |    30 |    53 |       ||    83
       Chain mail        |       |    33 |    23 ||    56
Dodge: Dodged            |    30 |    62 |     8 ||   100
Block: Buckler           |    11 |    34 |       ||    45
       Kite shield       |       |    15 |    16 ||    31
